AoeStats
← MrFox

Arabia

510054245Analyzed
1v1 RM · 4d ago on Sep 29, 2026· 31m 29s· 2 players
Game mode
Random Map
Map size
Tiny (2 player)
Population
200
Speed
Normal
Resources
Standard
Victory
Conquest
Starting age
Dark Age
Ending age
Imperial Age
RankedLock teamsTeams togetherTeam positionsShared explorationLock speedFull tech treeHidden civsTurbo modeCheats
Victory
Defeat
🇮🇳 Vikings · India
1058
+15
🇺🇸 Varangians · United States
1039
-15
Killacammmmm461
8:20 Loom
11:45 Feudal Age
18:04 Double-Bit Axe
18:57 Horse Collar
24:08 Castle Age
24:42 Scale Barding Armor
24:49 Forging
27:20 Man-at-Arms
28:29 Long Swordsman
MrFox
5:58 Loom
8:46 Feudal Age
12:06 Forging
14:51 Double-Bit Axe
15:02 Horse Collar
15:30 Town Watch
20:03 Castle Age
18:52 Man-at-Arms
19:18 Arson
20:01 Gold Mining
20:47 Long Swordsman
21:28 Squires
23:49 Scale Mail Armor
25:12 Iron Casting
25:34 Pikeman
Connection lost

Rejoining the realm…

Still unreachable

The connection could not be restored.

Session expired

The server has moved on; the page needs a fresh start.